2971 views
Uploaded 2020-02-23 15:25:47
Game version 1.32 / 1.32.1
43:35 long 3on3 ladder game on (6)ThunderLake_LV
Saved by iggythefisk
2971 views
Uploaded 2020-02-23 15:25:47
Game version 1.32 / 1.32.1
43:35 long 3on3 ladder game on (6)ThunderLake_LV


70 units @ 5.9k
/ 0.1k
247 buildings @ 16.6k
/ 7.2k



| Scroll of Regeneration | 7 | 700 |
| Lesser Clarity Potion | 3 | 210 |
| Staff of Sanctuary | 3 | 750 |
| Orb of Fire | 2 | 650 |
| Staff of Teleportation | 1 | 150 |
| Boots of Speed | 1 | 250 |
| Ring of Regeneration | 1 | 300 |
| Ring of Protection +5 | 1 | 600 |
| Claws of Attack +6 | 1 | 125 |
| total: | 20 | 3735g |
| Peasant | 29 | 2175 | / | 0 |
| Priest | 2 | 270 | / | 20 |
| total: | 31 | 2445g | / | 20w |
| Scout Tower | 96 | 2880 | / | 1920 |
| Arcane Tower | 4 | 280 | / | 200 |
| Guard Tower | 55 | 3850 | / | 2750 |
| Altar of Kings | 1 | 180 | / | 50 |
| Farm | 7 | 560 | / | 140 |
| Lumber Mill | 1 | 120 | / | 0 |
| Arcane Vault | 3 | 390 | / | 90 |
| Town Hall | 1 | 385 | / | 205 |
| Arcane Sanctum | 2 | 300 | / | 280 |
| Keep | 1 | 320 | / | 210 |
| Castle | 1 | 360 | / | 210 |
| total: | 111 | 4815g | / | 2685w |
| 0:00 | Peasant |
| 0:04 | Altar of Kings |
| 0:12 | Peasant |
| 0:17 | Farm |
| 0:19 | Peasant |
| 0:31 | Peasant |
| 0:48 | Lumber Mill |
| 0:51 | Peasant |
| 1:03 | Peasant |
| 1:12 | Scout Tower |
| 1:14 | Scout Tower |
| 1:26 | Scout Tower |
| 1:28 | Peasant |
| 1:42 | Peasant |
| 1:45 | Arcane Tower |
| 1:50 | Farm |
| 1:54 | Arcane Tower |
| 1:58 | Peasant |
| 2:05 | Scout Tower |
| 2:17 | Scout Tower |
| 2:18 | Guard Tower |
| 2:23 | Storm Bolt |
| 2:27 | Peasant |
| 2:32 | Guard Tower |
| 2:34 | Scout Tower |
| 2:48 | Guard Tower |
| 2:49 | Scout Tower |
| 3:02 | Guard Tower |
| 3:04 | Scout Tower |
| 3:06 | Peasant |
| 3:07 | Peasant |
| 3:16 | Guard Tower |
| 3:20 | Scout Tower |
| 3:35 | Scout Tower |
| 3:36 | Guard Tower |
| 3:40 | Staff of Teleportation |
| 3:43 | Boots of Speed |
| 3:49 | Guard Tower |
| 3:56 | Scout Tower |
| 4:00 | Arcane Vault |
| 4:24 | Guard Tower |
| 4:25 | Scout Tower |
| 4:26 | Guard Tower |
| 5:08 | Guard Tower |
| 5:09 | Scout Tower |
| 5:12 | Scroll of Regeneration |
| 5:13 | Lesser Clarity Potion |
| 5:19 | Scout Tower |
| 5:20 | Scout Tower |
| 5:24 | Peasant |
| 5:24 | Peasant |
| 5:36 | Guard Tower |
| 5:37 | Scout Tower |
| 6:07 | Thunder Clap |
| 6:11 | Guard Tower |
| 6:12 | Scout Tower |
| 6:13 | Guard Tower |
| 6:15 | Scout Tower |
| 6:21 | Keep |
| 6:37 | Town Hall |
| 6:44 | Guard Tower |
| 6:50 | Scout Tower |
| 6:56 | Guard Tower |
| 7:34 | Scroll of Regeneration |
| 7:36 | Lesser Clarity Potion |
| 7:38 | Guard Tower |
| 7:42 | Scout Tower |
| 7:43 | Scout Tower |
| 7:47 | Improved Masonry |
| 8:08 | Guard Tower |
| 8:12 | Arcane Vault |
| 8:29 | Scroll of Regeneration |
| 8:34 | Guard Tower |
| 8:35 | Scout Tower |
| 8:46 | Peasant |
| 8:46 | Peasant |
| 9:22 | Arcane Vault |
| 9:26 | Guard Tower |
| 9:27 | Scout Tower |
| 9:37 | Advanced Masonry |
| 9:38 | Peasant |
| 9:38 | Peasant |
| 9:52 | Scout Tower |
| 9:54 | Peasant |
| 9:54 | Peasant |
| 9:58 | Scroll of Regeneration |
| 10:02 | Flame Strike |
| 10:17 | Guard Tower |
| 10:18 | Castle |
| 10:21 | Arcane Sanctum |
| 10:47 | Scout Tower |
| 10:48 | Guard Tower |
| 10:50 | Scout Tower |
| 10:51 | Scout Tower |
| 11:06 | Scout Tower |
| 11:07 | Scout Tower |
| 11:07 | Scout Tower |
| 11:11 | Scout Tower |
| 11:12 | Scout Tower |
| 11:12 | Scout Tower |
| 11:12 | Scout Tower |
| 11:15 | Guard Tower |
| 11:17 | Guard Tower |
| 11:27 | Guard Tower |
| 11:45 | Guard Tower |
| 11:46 | Guard Tower |
| 11:52 | Scroll of Regeneration |
| 11:55 | Scroll of Regeneration |
| 12:00 | Scout Tower |
| 12:01 | Scout Tower |
| 12:05 | Guard Tower |
| 12:06 | Scout Tower |
| 12:11 | Priest Adept Training |
| 12:13 | Farm |
| 12:13 | Farm |
| 12:13 | Farm |
| 12:16 | Guard Tower |
| 12:28 | Guard Tower |
| 12:29 | Scout Tower |
| 12:41 | Guard Tower |
| 12:43 | Scout Tower |
| 12:48 | Peasant |
| 12:51 | Peasant |
| 12:54 | Guard Tower |
| 12:59 | Arcane Tower |
| 13:15 | Arcane Tower |
| 13:32 | Scroll of Regeneration |
| 13:32 | Lesser Clarity Potion |
| 13:35 | Staff of Sanctuary |
| 14:00 | Arcane Sanctum |
| 14:01 | Guard Tower |
| 14:04 | Imbued Masonry |
| 14:06 | Scout Tower |
| 14:07 | Scout Tower |
| 14:09 | Farm |
| 14:09 | Farm |
| 14:44 | Guard Tower |
| 15:27 | Scout Tower |
| 15:27 | Scout Tower |
| 15:29 | Scout Tower |
| 15:34 | Magic Sentry |
| 15:34 | Priest |
| 15:42 | Staff of Sanctuary |
| 15:58 | Holy Light |
| 16:32 | Guard Tower |
| 17:10 | Guard Tower |
| 17:15 | Peasant |
| 17:15 | Peasant |
| 19:19 | Orb of Fire |
| 19:34 | Peasant |
| 19:35 | Priest |
| 19:40 | Peasant |
| 21:59 | Peasant |
| 21:59 | Peasant |
| 22:15 | Peasant |
| 22:49 | Scout Tower |
| 22:49 | Scout Tower |
| 23:18 | Guard Tower |
| 23:21 | Staff of Sanctuary |
| 23:55 | Orb of Fire |
| 24:18 | Siphon Mana |
| 24:20 | Divine Shield |
| 24:38 | Storm Bolt |
| 24:47 | Scout Tower |
| 24:47 | Scout Tower |
| 25:29 | Guard Tower |
| 25:42 | Scout Tower |
| 26:16 | Scout Tower |
| 26:17 | Scout Tower |
| 26:17 | Scout Tower |
| 26:18 | Scout Tower |
| 26:18 | Scout Tower |
| 26:19 | Scout Tower |
| 26:20 | Scout Tower |
| 26:20 | Scout Tower |
| 26:22 | Scout Tower |
| 26:22 | Scout Tower |
| 26:22 | Guard Tower |
| 27:23 | Guard Tower |
| 27:44 | Scout Tower |
| 27:45 | Scout Tower |
| 28:09 | Scout Tower |
| 28:10 | Scout Tower |
| 28:12 | Scout Tower |
| 28:12 | Scout Tower |
| 28:13 | Scout Tower |
| 28:45 | Guard Tower |
| 29:13 | Guard Tower |
| 29:32 | Scout Tower |
| 29:32 | Scout Tower |
| 30:00 | Guard Tower |
| 30:57 | Scout Tower |
| 31:25 | Guard Tower |
| 31:26 | Scout Tower |
| 32:43 | Guard Tower |
| 32:47 | Scout Tower |
| 32:48 | Scout Tower |
| 32:49 | Scout Tower |
| 32:50 | Scout Tower |
| 32:51 | Scout Tower |
| 32:52 | Scout Tower |
| 33:02 | Scout Tower |
| 33:04 | Scout Tower |
| 33:04 | Scout Tower |
| 33:05 | Scout Tower |
| 33:11 | Scout Tower |
| 33:12 | Scout Tower |
| 33:12 | Scout Tower |
| 33:23 | Guard Tower |
| 33:55 | Guard Tower |
| 34:39 | Guard Tower |
| 35:29 | Holy Light |
| 35:49 | Guard Tower |
| 35:51 | Scout Tower |
| 35:51 | Scout Tower |
| 36:02 | Flame Strike |
| 36:30 | Guard Tower |
| 36:32 | Scout Tower |
| 36:33 | Scout Tower |
| 37:27 | Guard Tower |
| 37:52 | Guard Tower |
| 37:53 | Scout Tower |
| 37:54 | Scout Tower |
| 38:50 | Scout Tower |
| 38:50 | Scout Tower |
| 39:02 | Scout Tower |
| 39:35 | Ring of Regeneration |
| 39:36 | Ring of Protection +5 |
| 39:36 | Claws of Attack +6 |
| 39:44 | Scout Tower |
| 40:24 | Guard Tower |
| 40:35 | Guard Tower |
| 42:04 | Thunder Clap |
| 42:51 | Scout Tower |
| 42:52 | Scout Tower |
| 42:52 | Scout Tower |
| Right click | 5883 |
| Select | 1521 |
| Select group | 1124 |
| Assign group | 320 |
| Build/train/purchase | 185 |
| Use ability | 152 |
| Chat | 34 |
| Minimap ping | 17 |
| Resource trade | 7 |
| Misc. action | 4 |
| Item give/drop | 1 |
⇛
iggythefisk
(43:33) : 


| Potion of Healing | 2 | 300 |
| Lesser Clarity Potion | 2 | 140 |
| Staff of Sanctuary | 3 | 750 |
| Boots of Speed | 3 | 750 |
| Staff of Teleportation | 3 | 450 |
| Circlet of Nobility | 3 | 525 |
| Orb of Corruption | 3 | 1125 |
| total: | 19 | 4040g |
| Peasant | 23 | 1725 | / | 0 |
| Priest | 2 | 270 | / | 20 |
| total: | 25 | 1995g | / | 20w |
| Scout Tower | 72 | 2160 | / | 1440 |
| Arcane Tower | 3 | 210 | / | 150 |
| Guard Tower | 31 | 2170 | / | 1550 |
| Altar of Kings | 1 | 180 | / | 50 |
| Lumber Mill | 1 | 120 | / | 0 |
| Farm | 6 | 480 | / | 120 |
| Arcane Vault | 4 | 520 | / | 120 |
| Town Hall | 1 | 385 | / | 205 |
| Barracks | 1 | 160 | / | 60 |
| Blacksmith | 1 | 140 | / | 60 |
| Arcane Sanctum | 1 | 150 | / | 140 |
| Keep | 1 | 320 | / | 210 |
| Castle | 1 | 360 | / | 210 |
| total: | 88 | 4295g | / | 2195w |
| 0:01 | Peasant |
| 0:03 | Altar of Kings |
| 0:11 | Peasant |
| 0:19 | Lumber Mill |
| 0:20 | Peasant |
| 0:25 | Farm |
| 0:28 | Peasant |
| 0:49 | Peasant |
| 1:01 | Farm |
| 1:03 | Peasant |
| 1:13 | Peasant |
| 1:28 | Scout Tower |
| 1:32 | Scout Tower |
| 1:48 | Peasant |
| 1:51 | Peasant |
| 1:51 | Peasant |
| 1:55 | Scout Tower |
| 1:58 | Scout Tower |
| 2:05 | Improved Masonry |
| 2:21 | Scout Tower |
| 2:23 | Arcane Tower |
| 2:31 | Scout Tower |
| 2:34 | Peasant |
| 2:36 | Peasant |
| 2:53 | Blizzard |
| 2:58 | Guard Tower |
| 2:59 | Scout Tower |
| 3:00 | Scout Tower |
| 3:24 | Peasant |
| 3:24 | Peasant |
| 3:24 | Peasant |
| 3:25 | Arcane Tower |
| 3:49 | Boots of Speed |
| 3:50 | Staff of Teleportation |
| 3:53 | Guard Tower |
| 3:57 | Scout Tower |
| 3:59 | Scout Tower |
| 4:01 | Guard Tower |
| 4:25 | Peasant |
| 4:26 | Guard Tower |
| 4:30 | Scout Tower |
| 4:31 | Scout Tower |
| 4:57 | Arcane Vault |
| 5:00 | Guard Tower |
| 5:01 | Scout Tower |
| 5:02 | Scout Tower |
| 5:13 | Keep |
| 5:45 | Guard Tower |
| 5:47 | Scout Tower |
| 5:49 | Arcane Vault |
| 6:02 | Scout Tower |
| 6:17 | Brilliance Aura |
| 6:34 | Arcane Tower |
| 6:35 | Guard Tower |
| 6:42 | Scout Tower |
| 7:19 | Town Hall |
| 7:28 | Scout Tower |
| 7:28 | Scout Tower |
| 7:49 | Peasant |
| 7:50 | Advanced Masonry |
| 7:52 | Improved Lumber Harvesting |
| 8:30 | Guard Tower |
| 8:31 | Scout Tower |
| 8:33 | Peasant |
| 9:02 | Guard Tower |
| 9:05 | Scout Tower |
| 9:27 | Castle |
| 9:35 | Potion of Healing |
| 9:37 | Storm Bolt |
| 9:40 | Arcane Sanctum |
| 9:48 | Scout Tower |
| 9:49 | Scout Tower |
| 10:15 | Peasant |
| 10:18 | Guard Tower |
| 10:50 | Guard Tower |
| 10:53 | Scout Tower |
| 10:53 | Scout Tower |
| 10:54 | Scout Tower |
| 10:55 | Potion of Healing |
| 10:58 | Lesser Clarity Potion |
| 11:05 | Scout Tower |
| 11:08 | Scout Tower |
| 11:08 | Scout Tower |
| 11:09 | Scout Tower |
| 11:13 | Scout Tower |
| 11:15 | Scout Tower |
| 11:28 | Guard Tower |
| 11:36 | Guard Tower |
| 11:38 | Guard Tower |
| 11:39 | Boots of Speed |
| 11:39 | Staff of Teleportation |
| 11:46 | Scout Tower |
| 11:47 | Scout Tower |
| 12:00 | Guard Tower |
| 12:04 | Magic Sentry |
| 12:04 | Priest Adept Training |
| 12:04 | Priest |
| 12:05 | Guard Tower |
| 12:09 | Farm |
| 12:12 | Guard Tower |
| 12:29 | Guard Tower |
| 12:34 | Guard Tower |
| 12:47 | Guard Tower |
| 12:50 | Advanced Lumber Harvesting |
| 12:52 | Peasant |
| 12:52 | Peasant |
| 12:54 | Peasant |
| 12:56 | Peasant |
| 13:12 | Holy Light |
| 13:26 | Scout Tower |
| 13:27 | Scout Tower |
| 13:28 | Scout Tower |
| 13:44 | Arcane Vault |
| 13:52 | Boots of Speed |
| 13:52 | Staff of Teleportation |
| 13:54 | Circlet of Nobility |
| 13:57 | Guard Tower |
| 14:13 | Staff of Sanctuary |
| 14:54 | Scout Tower |
| 15:03 | Guard Tower |
| 15:05 | Arcane Vault |
| 15:24 | Guard Tower |
| 15:27 | Guard Tower |
| 15:31 | Farm |
| 16:19 | Staff of Sanctuary |
| 16:36 | Farm |
| 16:38 | Priest |
| 18:42 | Scout Tower |
| 18:46 | Priest Master Training |
| 18:50 | Barracks |
| 18:55 | Blacksmith |
| 19:05 | Staff of Sanctuary |
| 19:34 | Guard Tower |
| 20:27 | Lesser Clarity Potion |
| 20:49 | Orb of Corruption |
| 21:26 | Scout Tower |
| 21:27 | Scout Tower |
| 21:27 | Scout Tower |
| 21:28 | Scout Tower |
| 21:29 | Scout Tower |
| 21:31 | Scout Tower |
| 21:32 | Scout Tower |
| 21:32 | Scout Tower |
| 21:33 | Scout Tower |
| 21:35 | Scout Tower |
| 21:36 | Scout Tower |
| 22:07 | Guard Tower |
| 22:53 | Orb of Corruption |
| 23:36 | Blizzard |
| 24:04 | Bash |
| 24:48 | Guard Tower |
| 26:46 | Circlet of Nobility |
| 27:50 | Guard Tower |
| 27:54 | Scout Tower |
| 27:55 | Scout Tower |
| 27:56 | Scout Tower |
| 27:57 | Scout Tower |
| 28:44 | Divine Shield |
| 30:41 | Guard Tower |
| 31:34 | Circlet of Nobility |
| 33:01 | Scout Tower |
| 33:02 | Scout Tower |
| 33:02 | Scout Tower |
| 33:03 | Scout Tower |
| 33:03 | Scout Tower |
| 33:04 | Scout Tower |
| 33:04 | Scout Tower |
| 33:05 | Scout Tower |
| 33:06 | Animal War Training |
| 33:08 | Iron Forged Swords |
| 34:20 | Farm |
| 36:36 | Guard Tower |
| 36:38 | Scout Tower |
| 36:38 | Scout Tower |
| 36:39 | Scout Tower |
| 36:39 | Scout Tower |
| 36:39 | Scout Tower |
| 36:40 | Scout Tower |
| 36:40 | Scout Tower |
| 36:41 | Scout Tower |
| 36:41 | Scout Tower |
| 36:41 | Scout Tower |
| 38:15 | Storm Bolt |
| 39:04 | Orb of Corruption |
| 40:18 | Brilliance Aura |
| 41:17 | Holy Light |
| Right click | 3359 |
| Select group | 1742 |
| Select | 464 |
| Assign group | 410 |
| Build/train/purchase | 283 |
| Use ability | 226 |
| Chat | 116 |
| Misc. action | 18 |
| Resource trade | 12 |
| Item give/drop | 4 |
| Remove unit | 3 |
| Minimap ping | 1 |



| Orb of Corruption | 3 | 1125 |
| Circlet of Nobility | 3 | 525 |
| Boots of Speed | 3 | 750 |
| Staff of Teleportation | 3 | 450 |
| Potion of Invisibility | 1 | 100 |
| Scroll of Regeneration | 1 | 100 |
| Staff of Sanctuary | 3 | 750 |
| Khadgar's Gem of Health | 2 | 1200 |
| Pendant of Energy | 2 | 600 |
| Pendant of Mana | 1 | 600 |
| total: | 22 | 6200g |
| Acolyte | 8 | 600 | / | 0 |
| Ghoul | 4 | 480 | / | 0 |
| Obsidian Statue | 2 | 400 | / | 70 |
| total: | 14 | 1480g | / | 70w |
| Nerubian Tower | 3 | 300 | / | 60 |
| Spirit Tower | 11 | 1595 | / | 440 |
| Crypt | 1 | 200 | / | 50 |
| Altar of Darkness | 1 | 180 | / | 50 |
| Ziggurat | 38 | 5700 | / | 1900 |
| Graveyard | 1 | 215 | / | 0 |
| Necropolis | 3 | 675 | / | 0 |
| Tomb of Relics | 2 | 260 | / | 60 |
| Slaughterhouse | 1 | 140 | / | 135 |
| Sacrificial Pit | 1 | 75 | / | 150 |
| Halls of the Dead | 2 | 640 | / | 420 |
| Black Citadel | 2 | 650 | / | 460 |
| total: | 48 | 7445g | / | 2345w |
| 0:04 | Acolyte |
| 0:04 | Acolyte |
| 0:06 | Crypt |
| 0:10 | Altar of Darkness |
| 0:27 | Acolyte |
| 0:37 | Ziggurat |
| 1:07 | Graveyard |
| 1:10 | Ghoul |
| 1:34 | Ghoul |
| 1:48 | Ziggurat |
| 2:00 | Nerubian Tower |
| 2:03 | Ghoul |
| 2:27 | Death Coil |
| 2:28 | Ghoul |
| 3:33 | Halls of the Dead |
| 3:50 | Necropolis |
| 5:03 | Circlet of Nobility |
| 5:03 | Boots of Speed |
| 5:27 | Ziggurat |
| 5:31 | Ziggurat |
| 5:55 | Black Citadel |
| 6:05 | Scroll of Regeneration |
| 7:02 | Unholy Aura |
| 7:09 | Slaughterhouse |
| 7:11 | Acolyte |
| 7:42 | Staff of Teleportation |
| 7:45 | Potion of Invisibility |
| 7:50 | Frost Nova |
| 8:07 | Acolyte |
| 8:08 | Acolyte |
| 8:08 | Acolyte |
| 8:26 | Tomb of Relics |
| 8:52 | Acolyte |
| 9:53 | Orb of Corruption |
| 10:07 | Ziggurat |
| 10:09 | Ziggurat |
| 10:11 | Carrion Swarm |
| 11:03 | Spirit Tower |
| 11:33 | Obsidian Statue |
| 11:33 | Obsidian Statue |
| 12:01 | Halls of the Dead |
| 12:07 | Ziggurat |
| 12:07 | Ziggurat |
| 12:08 | Ziggurat |
| 12:55 | Death Coil |
| 13:02 | Ziggurat |
| 13:03 | Ziggurat |
| 13:06 | Spirit Tower |
| 13:30 | Ziggurat |
| 13:30 | Ziggurat |
| 13:51 | Spirit Tower |
| 13:53 | Ziggurat |
| 13:54 | Ziggurat |
| 13:55 | Ziggurat |
| 13:55 | Ziggurat |
| 13:56 | Ziggurat |
| 13:58 | Ziggurat |
| 14:04 | Staff of Sanctuary |
| 14:23 | Vampiric Aura |
| 14:36 | Frost Armor |
| 14:56 | Spirit Tower |
| 15:12 | Ziggurat |
| 15:44 | Ziggurat |
| 15:48 | Spirit Tower |
| 16:13 | Staff of Sanctuary |
| 16:50 | Black Citadel |
| 16:52 | Nerubian Tower |
| 17:34 | Circlet of Nobility |
| 17:35 | Staff of Teleportation |
| 17:35 | Boots of Speed |
| 18:04 | Nerubian Tower |
| 18:40 | Spirit Tower |
| 19:46 | Circlet of Nobility |
| 19:47 | Staff of Teleportation |
| 19:47 | Boots of Speed |
| 19:49 | Carrion Swarm |
| 20:17 | Unholy Aura |
| 21:00 | Frost Nova |
| 22:24 | Necropolis |
| 22:26 | Necropolis |
| 25:15 | Ziggurat |
| 25:16 | Ziggurat |
| 25:48 | Ziggurat |
| 25:50 | Ziggurat |
| 25:51 | Ziggurat |
| 26:09 | Khadgar's Gem of Health |
| 26:17 | Tomb of Relics |
| 26:23 | Staff of Sanctuary |
| 26:25 | Orb of Corruption |
| 27:00 | Sacrificial Pit |
| 27:07 | Spirit Tower |
| 28:18 | Orb of Corruption |
| 28:24 | Pendant of Energy |
| 32:38 | Ziggurat |
| 32:39 | Ziggurat |
| 32:40 | Ziggurat |
| 32:40 | Ziggurat |
| 32:42 | Ziggurat |
| 32:42 | Ziggurat |
| 32:43 | Ziggurat |
| 32:44 | Ziggurat |
| 32:46 | Ziggurat |
| 32:48 | Ziggurat |
| 32:48 | Ziggurat |
| 32:49 | Ziggurat |
| 33:38 | Spirit Tower |
| 33:43 | Frost Armor |
| 34:26 | Backpack |
| 34:58 | Spirit Tower |
| 35:00 | Spirit Tower |
| 35:08 | Vampiric Aura |
| 36:01 | Pendant of Mana |
| 36:01 | Pendant of Energy |
| 36:20 | Khadgar's Gem of Health |
| 39:02 | Death Coil |
| 40:05 | Spirit Tower |
| 42:52 | Frost Nova |
| Right click | 4104 |
| Select group | 2671 |
| Select | 364 |
| Use ability | 198 |
| Build/train/purchase | 178 |
| Misc. action | 67 |
| Resource trade | 64 |
| Chat | 62 |
| Minimap ping | 31 |
| Item give/drop | 22 |
| Assign group | 11 |
| Esc | 1 |
155 units @ 24.2k
/ 4k
71 buildings @ 11.6k
/ 5.7k


| Healing Salve | 5 | 500 |
| Scroll of Speed | 1 | 50 |
| Lesser Clarity Potion | 4 | 280 |
| total: | 10 | 830g |
| Peon | 13 | 975 | / | 0 |
| Grunt | 7 | 1400 | / | 0 |
| Spirit Walker | 1 | 195 | / | 35 |
| Demolisher | 12 | 2640 | / | 600 |
| Troll Batrider | 14 | 2240 | / | 560 |
| Wind Rider | 9 | 2385 | / | 360 |
| total: | 56 | 9835g | / | 1555w |
| Altar of Storms | 1 | 180 | / | 50 |
| Orc Burrow | 6 | 960 | / | 240 |
| Barracks | 2 | 360 | / | 100 |
| Voodoo Lounge | 1 | 130 | / | 30 |
| War Mill | 1 | 205 | / | 0 |
| Great Hall | 2 | 770 | / | 370 |
| Tauren Totem | 1 | 135 | / | 155 |
| Beastiary | 3 | 435 | / | 420 |
| Stronghold | 1 | 315 | / | 190 |
| Fortress | 1 | 325 | / | 190 |
| total: | 17 | 3175g | / | 1365w |
| 0:04 | Peon |
| 0:07 | Altar of Storms |
| 0:09 | Peon |
| 0:17 | Orc Burrow |
| 0:28 | Barracks |
| 0:37 | Peon |
| 0:38 | Peon |
| 0:52 | Peon |
| 1:18 | Peon |
| 1:18 | Peon |
| 1:32 | Grunt |
| 1:41 | Orc Burrow |
| 1:49 | Peon |
| 1:49 | Peon |
| 2:05 | Voodoo Lounge |
| 2:32 | Grunt |
| 3:06 | War Stomp |
| 3:36 | Grunt |
| 3:39 | Stronghold |
| 3:50 | Grunt |
| 4:44 | Endurance Aura |
| 4:49 | Grunt |
| 4:54 | Orc Burrow |
| 4:56 | Healing Salve |
| 5:01 | Scroll of Speed |
| 5:09 | War Mill |
| 6:10 | Tauren Totem |
| 6:16 | Orc Burrow |
| 6:57 | War Stomp |
| 7:15 | Steel Armor |
| 7:15 | Reinforced Defenses |
| 7:20 | Healing Wave |
| 7:26 | Spirit Walker |
| 7:33 | Lesser Clarity Potion |
| 7:33 | Healing Salve |
| 7:46 | Demolisher |
| 7:51 | Beastiary |
| 8:17 | Demolisher |
| 8:55 | Fortress |
| 9:11 | Troll Batrider |
| 9:12 | Troll Batrider |
| 10:07 | Great Hall |
| 10:09 | Great Hall |
| 10:13 | Troll Batrider |
| 10:15 | Troll Batrider |
| 10:27 | Demolisher |
| 11:00 | Troll Batrider |
| 11:29 | Peon |
| 11:29 | Peon |
| 11:29 | Peon |
| 11:29 | Peon |
| 11:34 | Demolisher |
| 11:48 | Liquid Fire |
| 12:04 | Troll Batrider |
| 12:09 | Hex |
| 13:04 | Troll Batrider |
| 13:04 | Troll Batrider |
| 13:52 | Troll Batrider |
| 14:01 | Beastiary |
| 14:08 | Beastiary |
| 14:59 | Grunt |
| 15:06 | Troll Batrider |
| 15:10 | Troll Batrider |
| 15:11 | Troll Batrider |
| 15:15 | Troll Batrider |
| 15:24 | Grunt |
| 15:25 | Berserker Strength |
| 17:12 | Troll Batrider |
| 17:17 | Thorium Armor |
| 18:31 | Burning Oil |
| 18:32 | Demolisher |
| 18:36 | Wind Rider |
| 18:37 | Wind Rider |
| 19:03 | Barracks |
| 19:05 | Arcanite Armor |
| 19:22 | Demolisher |
| 19:39 | Orc Burrow |
| 19:41 | Orc Burrow |
| 20:27 | Demolisher |
| 21:14 | Envenomed Spears |
| 21:47 | Demolisher |
| 21:50 | Wind Rider |
| 22:51 | Demolisher |
| 23:19 | Demolisher |
| 23:55 | Endurance Aura |
| 24:30 | Healing Wave |
| 24:36 | Wind Rider |
| 25:08 | Wind Rider |
| 26:16 | Wind Rider |
| 26:27 | Healing Salve |
| 26:28 | Lesser Clarity Potion |
| 27:06 | Demolisher |
| 27:40 | Demolisher |
| 27:47 | Healing Salve |
| 27:47 | Lesser Clarity Potion |
| 32:11 | Wind Rider |
| 32:54 | Wind Rider |
| 36:34 | Wind Rider |
| 39:28 | Lesser Clarity Potion |
| 39:30 | Healing Salve |
| Right click | 4685 |
| Select group | 961 |
| Select | 650 |
| Assign group | 489 |
| Build/train/purchase | 355 |
| Misc. action | 102 |
| Chat | 68 |
| Use ability | 57 |
| Minimap ping | 29 |
| Resource trade | 14 |
| Item give/drop | 5 |
| Remove unit | 3 |


| Lesser Clarity Potion | 25 | 1750 |
| Healing Salve | 7 | 700 |
| Potion of Healing | 2 | 300 |
| Potion of Mana | 17 | 3400 |
| Orb of Lightning | 1 | 375 |
| Scroll of Town Portal | 3 | 1050 |
| total: | 55 | 7575g |
| Peon | 13 | 975 | / | 0 |
| Grunt | 3 | 600 | / | 0 |
| Troll Batrider | 14 | 2240 | / | 560 |
| Tauren | 3 | 840 | / | 240 |
| Troll Witch Doctor | 2 | 290 | / | 50 |
| Goblin Shredder | 1 | 375 | / | 100 |
| total: | 36 | 5320g | / | 950w |
| Watch Tower | 4 | 440 | / | 320 |
| Altar of Storms | 1 | 180 | / | 50 |
| Orc Burrow | 7 | 1120 | / | 280 |
| Barracks | 1 | 180 | / | 50 |
| Voodoo Lounge | 2 | 260 | / | 60 |
| War Mill | 1 | 205 | / | 0 |
| Great Hall | 1 | 385 | / | 185 |
| Beastiary | 3 | 435 | / | 420 |
| Tauren Totem | 7 | 945 | / | 1085 |
| Spirit Lodge | 2 | 300 | / | 300 |
| Stronghold | 1 | 315 | / | 190 |
| Fortress | 1 | 325 | / | 190 |
| total: | 29 | 4450g | / | 2750w |
| 0:01 | Peon |
| 0:05 | Altar of Storms |
| 0:12 | Peon |
| 0:18 | Orc Burrow |
| 0:32 | Barracks |
| 0:37 | Peon |
| 0:52 | Peon |
| 1:07 | Peon |
| 1:13 | Peon |
| 1:31 | Orc Burrow |
| 1:40 | Grunt |
| 1:51 | Peon |
| 2:06 | Chain Lighting |
| 2:13 | Voodoo Lounge |
| 2:36 | Stronghold |
| 2:51 | Grunt |
| 3:16 | Grunt |
| 3:46 | Orc Burrow |
| 4:48 | Far Sight |
| 4:57 | Peon |
| 4:58 | Peon |
| 5:00 | Beastiary |
| 5:01 | Beastiary |
| 5:06 | War Mill |
| 5:28 | Fortress |
| 6:14 | Troll Batrider |
| 6:20 | Beastiary |
| 6:23 | Watch Tower |
| 6:28 | Watch Tower |
| 6:36 | Lesser Clarity Potion |
| 6:45 | Troll Batrider |
| 6:47 | Troll Batrider |
| 7:09 | Orc Burrow |
| 7:16 | Troll Batrider |
| 7:28 | Chain Lighting |
| 7:41 | Reinforced Defenses |
| 7:48 | Healing Salve |
| 7:54 | Lesser Clarity Potion |
| 8:00 | Troll Batrider |
| 8:05 | Troll Batrider |
| 9:01 | Troll Batrider |
| 9:16 | Healing Salve |
| 9:23 | Lesser Clarity Potion |
| 9:26 | Healing Salve |
| 9:36 | Steel Ranged Weapons |
| 9:39 | Troll Batrider |
| 9:41 | Liquid Fire |
| 9:59 | Orc Burrow |
| 10:33 | Far Sight |
| 11:07 | Troll Batrider |
| 11:34 | Troll Batrider |
| 12:11 | Great Hall |
| 12:17 | Troll Batrider |
| 12:36 | Lesser Clarity Potion |
| 12:53 | Thorium Ranged Weapons |
| 13:50 | Troll Batrider |
| 14:30 | Goblin Shredder |
| 15:00 | Peon |
| 15:00 | Peon |
| 15:00 | Peon |
| 15:00 | Peon |
| 15:05 | Steel Armor |
| 16:16 | Thorium Armor |
| 16:49 | Potion of Healing |
| 16:50 | Potion of Mana |
| 16:52 | Lesser Clarity Potion |
| 16:53 | Orb of Lightning |
| 16:54 | Scroll of Town Portal |
| 16:58 | Healing Salve |
| 17:02 | Troll Batrider |
| 17:02 | Troll Batrider |
| 18:16 | Chain Lighting |
| 18:32 | Lesser Clarity Potion |
| 18:34 | Potion of Mana |
| 18:52 | Lesser Clarity Potion |
| 19:33 | Lesser Clarity Potion |
| 19:36 | Potion of Mana |
| 19:40 | Shockwave |
| 20:23 | Lesser Clarity Potion |
| 20:31 | Lesser Clarity Potion |
| 20:35 | Potion of Mana |
| 20:42 | Arcanite Ranged Weapons |
| 20:42 | Steel Melee Weapons |
| 20:42 | Arcanite Armor |
| 21:02 | Potion of Mana |
| 21:28 | Lesser Clarity Potion |
| 21:56 | Lesser Clarity Potion |
| 22:00 | Potion of Mana |
| 22:46 | Potion of Mana |
| 22:48 | Lesser Clarity Potion |
| 23:21 | Potion of Mana |
| 23:37 | Thorium Melee Weapons |
| 24:00 | Lesser Clarity Potion |
| 24:18 | Lesser Clarity Potion |
| 24:32 | Lesser Clarity Potion |
| 24:40 | Lesser Clarity Potion |
| 24:41 | Potion of Mana |
| 24:41 | Potion of Mana |
| 25:13 | Potion of Mana |
| 25:34 | Earth Quake |
| 26:09 | Arcanite Melee Weapons |
| 26:11 | Potion of Healing |
| 26:11 | Potion of Mana |
| 26:14 | Lesser Clarity Potion |
| 26:39 | Tauren Totem |
| 26:41 | Tauren Totem |
| 26:41 | Tauren Totem |
| 26:42 | Tauren Totem |
| 26:42 | Tauren Totem |
| 26:43 | Tauren Totem |
| 26:44 | Tauren Totem |
| 26:53 | Scroll of Town Portal |
| 26:54 | Healing Salve |
| 26:54 | Lesser Clarity Potion |
| 28:53 | Lesser Clarity Potion |
| 28:53 | Lesser Clarity Potion |
| 29:03 | Pulverize |
| 29:33 | Lesser Clarity Potion |
| 30:34 | Lesser Clarity Potion |
| 30:36 | Potion of Mana |
| 30:38 | Potion of Mana |
| 31:01 | Voodoo Lounge |
| 31:19 | Tauren |
| 31:38 | Potion of Mana |
| 32:37 | Tauren |
| 33:05 | Watch Tower |
| 33:06 | Watch Tower |
| 33:24 | Orc Burrow |
| 33:58 | Spiked Barricades |
| 34:07 | Lesser Clarity Potion |
| 34:10 | Potion of Mana |
| 34:15 | Potion of Mana |
| 34:15 | Lesser Clarity Potion |
| 34:41 | Orc Burrow |
| 35:40 | Tauren |
| 35:51 | Healing Salve |
| 36:31 | Spirit Walker Adept Training |
| 36:44 | Spirit Walker Master Training |
| 39:02 | Spirit Lodge |
| 39:03 | Spirit Lodge |
| 41:13 | Witch Doctor Adept Training |
| 41:52 | Troll Witch Doctor |
| 41:52 | Troll Witch Doctor |
| 42:46 | Scroll of Town Portal |
| 42:47 | Healing Salve |
| Right click | 2675 |
| Select | 809 |
| Select group | 410 |
| Build/train/purchase | 177 |
| Use ability | 135 |
| Misc. action | 46 |
| Assign group | 43 |
| Item give/drop | 11 |
| Minimap ping | 9 |
| Esc | 7 |



| Healing Salve | 5 | 500 |
| Scroll of Speed | 1 | 50 |
| Potion of Mana | 2 | 400 |
| Potion of Healing | 1 | 150 |
| Lesser Clarity Potion | 8 | 560 |
| Orb of Lightning | 2 | 750 |
| Scroll of Town Portal | 1 | 350 |
| total: | 20 | 2760g |
| Peon | 18 | 1350 | / | 0 |
| Troll Headhunter | 15 | 2100 | / | 300 |
| Demolisher | 8 | 1760 | / | 400 |
| Troll Berserker | 5 | 700 | / | 100 |
| Troll Batrider | 1 | 160 | / | 40 |
| Kodo Beast | 1 | 255 | / | 60 |
| Raider | 15 | 2700 | / | 600 |
| total: | 63 | 9025g | / | 1500w |
| Watch Tower | 4 | 440 | / | 320 |
| War Mill | 1 | 205 | / | 0 |
| Orc Burrow | 10 | 1600 | / | 400 |
| Barracks | 1 | 180 | / | 50 |
| Altar of Storms | 1 | 180 | / | 50 |
| Voodoo Lounge | 4 | 520 | / | 120 |
| Great Hall | 1 | 385 | / | 185 |
| Beastiary | 2 | 290 | / | 280 |
| Spirit Lodge | 1 | 150 | / | 150 |
| Stronghold | 1 | 315 | / | 190 |
| Fortress | 2 | 650 | / | 380 |
| total: | 25 | 3950g | / | 1555w |
| 0:02 | Peon |
| 0:09 | Peon |
| 0:18 | War Mill |
| 0:22 | Peon |
| 0:34 | Orc Burrow |
| 0:47 | Peon |
| 0:48 | Barracks |
| 1:03 | Altar of Storms |
| 1:04 | Peon |
| 1:27 | Peon |
| 1:44 | Orc Burrow |
| 1:53 | Peon |
| 1:54 | Troll Headhunter |
| 2:05 | Voodoo Lounge |
| 2:16 | Troll Headhunter |
| 2:35 | Troll Headhunter |
| 2:52 | Troll Headhunter |
| 3:11 | Healing Salve |
| 3:17 | Troll Headhunter |
| 3:23 | Stronghold |
| 3:33 | Troll Headhunter |
| 3:33 | Troll Headhunter |
| 3:50 | Troll Headhunter |
| 3:59 | Shockwave |
| 4:11 | Troll Headhunter |
| 4:21 | Steel Ranged Weapons |
| 4:23 | Troll Headhunter |
| 4:25 | Orc Burrow |
| 4:41 | Troll Headhunter |
| 5:15 | Orc Burrow |
| 5:24 | Troll Headhunter |
| 5:29 | Thorium Ranged Weapons |
| 5:37 | Healing Salve |
| 5:38 | Scroll of Speed |
| 5:42 | Troll Headhunter |
| 5:55 | Fortress |
| 6:16 | Troll Headhunter |
| 6:23 | Reinforced Defenses |
| 6:38 | Troll Headhunter |
| 6:44 | Endurance Aura |
| 6:57 | Demolisher |
| 7:40 | Demolisher |
| 7:44 | Watch Tower |
| 8:30 | Berserker Upgrade |
| 9:29 | Great Hall |
| 9:54 | Peon |
| 9:54 | Peon |
| 10:14 | Troll Berserker |
| 10:18 | Orc Burrow |
| 10:47 | Troll Berserker |
| 10:51 | Peon |
| 10:51 | Peon |
| 11:20 | Beastiary |
| 11:38 | Peon |
| 11:38 | Peon |
| 11:38 | Peon |
| 11:38 | Peon |
| 12:08 | Watch Tower |
| 12:12 | Peon |
| 12:15 | Demolisher |
| 12:33 | Troll Batrider |
| 12:52 | Kodo Beast |
| 13:21 | Burning Oil |
| 13:51 | Shockwave |
| 13:56 | Demolisher |
| 14:50 | Troll Berserker |
| 15:00 | Voodoo Lounge |
| 15:03 | Beastiary |
| 15:20 | Voodoo Lounge |
| 15:25 | Watch Tower |
| 15:28 | Troll Berserker |
| 15:31 | Orc Burrow |
| 16:20 | Raider |
| 16:23 | Ensnare |
| 16:32 | Potion of Mana |
| 16:52 | Potion of Healing |
| 16:56 | Lesser Clarity Potion |
| 16:58 | Healing Salve |
| 17:13 | Raider |
| 17:27 | Lesser Clarity Potion |
| 17:31 | Troll Berserker |
| 17:32 | Raider |
| 17:52 | Raider |
| 18:34 | Voodoo Lounge |
| 19:05 | Raider |
| 19:42 | Troll Regeneration |
| 19:43 | Orc Burrow |
| 19:48 | Watch Tower |
| 19:49 | Lesser Clarity Potion |
| 20:23 | Raider |
| 20:34 | Healing Salve |
| 20:37 | Lesser Clarity Potion |
| 21:44 | Orc Burrow |
| 22:19 | Orc Burrow |
| 22:21 | Arcanite Ranged Weapons |
| 22:49 | Raider |
| 23:27 | Raider |
| 24:42 | Raider |
| 24:55 | Raider |
| 25:25 | Raider |
| 27:26 | Raider |
| 27:48 | Healing Wave |
| 27:55 | Steel Armor |
| 28:01 | Endurance Aura |
| 28:05 | Peon |
| 28:06 | Peon |
| 28:12 | Lesser Clarity Potion |
| 28:15 | Scroll of Town Portal |
| 28:16 | Orb of Lightning |
| 28:58 | Demolisher |
| 29:19 | Demolisher |
| 29:19 | Raider |
| 29:49 | Orc Burrow |
| 30:34 | Lesser Clarity Potion |
| 30:35 | Orb of Lightning |
| 30:54 | Thorium Armor |
| 31:12 | Healing Salve |
| 32:09 | Raider |
| 32:25 | Raider |
| 32:26 | Lesser Clarity Potion |
| 32:40 | Potion of Mana |
| 32:51 | Arcanite Armor |
| 33:58 | Lesser Clarity Potion |
| 34:17 | Demolisher |
| 35:03 | Cluster Rockets |
| 35:51 | Demolisher |
| 36:21 | Steel Melee Weapons |
| 42:07 | Spirit Lodge |
| Right click | 4046 |
| Select group | 1084 |
| Select | 1049 |
| Build/train/purchase | 184 |
| Use ability | 178 |
| Misc. action | 82 |
| Assign group | 70 |
| Esc | 9 |
| Chat | 4 |
| Minimap ping | 2 |
| Item give/drop | 1 |